AoeStats
← Atmaca3307

Arabian Desert

510487203Analyzed
1v1 RM · 2d ago on Oct 1, 2026· 49m 47s· 2 players
Game mode
Random Map
Map size
Tiny (2 player)
Population
200
Speed
Normal
Resources
Standard
Victory
Conquest
Starting age
Dark Age
Ending age
Imperial Age
RankedLock teamsTeams togetherTeam positionsShared explorationLock speedFull tech treeHidden civsTurbo modeCheats
Victory
Defeat
🇹🇷 Huns · Türkiye
255
+21
🇺🇾 Lithuanians · Uruguay
368
-21
Batux GS
11:38 Feudal Age
21:19 Castle Age
20:11 Man-at-Arms
24:01 Squires
23:22 Pikeman
25:16 Forging
24:52 Horse Collar
25:00 Double-Bit Axe
29:15 Husbandry
30:02 Iron Casting
29:56 Scale Barding Armor
35:06 Chain Barding Armor
42:20 Imperial Age
39:37 Loom
40:04 Heavy Plow
40:25 Bow Saw
40:29 Scale Mail Armor
42:07 Wheelbarrow
41:18 Town Watch
41:27 Gold Mining
41:33 Stone Mining
46:30 Plate Barding Armor
49:56 Hand Cart
49:41 Town Patrol
Atmaca3307
13:39 Feudal Age
14:59 Wheelbarrow
14:08 Horse Collar
14:16 Double-Bit Axe
20:11 Bloodlines
21:51 Scale Mail Armor
21:58 Scale Barding Armor
22:24 Forging
24:12 Gold Mining
24:13 Stone Mining
28:16 Castle Age
29:13 Hand Cart
29:13 Bow Saw
29:44 Gold Shaft Mining
29:13 Heavy Plow
28:49 Light Cavalry
29:33 Husbandry
29:53 Chain Mail Armor
29:59 Chain Barding Armor
35:24 Iron Casting
34:40 Fletching
34:51 Padded Archer Armor
41:18 Imperial Age
40:41 Leather Archer Armor
40:22 Bodkin Arrow
41:10 Murder Holes
41:26 Masonry
42:52 Plate Barding Armor
42:41 Cavalier
42:44 Hussar
44:08 Paladin
Connection lost

Rejoining the realm…

Still unreachable

The connection could not be restored.

Session expired

The server has moved on; the page needs a fresh start.